 Dungeon Crawl Stone Soup version 0.28.0-1-gb440e238dd (webtiles) character file.

Game seed: 7978927747495942193

281 Peloso the Skirmisher (level 6, -5/55 HPs)
             Began as a Minotaur Fighter on Feb 20, 2022.
             Was an Initiate of Okawaru.
             Killed by divine providence
             ... invoked by an orc priest
              (10 damage)
             ... on level 5 of the Dungeon.
             The game lasted 00:05:46 (3120 turns).

Peloso the Skirmisher (Minotaur Fighter)            Turns: 3120, Time: 00:05:46

Health: -5/55      AC:  8    Str: 20    XL:     6   Next: 6%
Magic:  5/5        EV: 10    Int:  5    God:    Okawaru [......]
Gold:   195        SH:  5    Dex: 12    Spells: 5/5 levels left

rFire   . . .      SeeInvis .   a - +0 long sword
rCold   . . .      Faith    .   c - +0 buckler
rNeg    + . .      Spirit   .   p - +1 scale mail {rN+}
rPois   .          Reflect  .   (helmet restricted)
rElec   .          Harm     .   (no cloak)
rCorr   .          Rampage  .   (no gloves)
Will    .....                   (no boots)
Stlth   ..........              (no amulet)
HPRegen 0.18/turn               (no ring)
MPRegen 0.09/turn               (no ring)

@: mighty
A: horns 2, retaliatory headbutt
a: Renounce Religion


You were on level 5 of the Dungeon.
You worshipped Okawaru.
Okawaru was noncommittal.
You visited 1 branch of the dungeon, and saw 5 of its levels.

You collected 195 gold pieces.

Inventory:

Hand Weapons
 a - a +0 long sword (weapon)
Armour
 b - a +0 scale mail
 c - a +0 buckler (worn)
 p - a +1 scale mail of positive energy (worn)
Jewellery
 o - a ring of protection from fire
Scrolls
 e - a scroll of amnesia
 h - a scroll of enchant weapon {unknown}
 j - a scroll of holy word {unknown}
 k - a scroll of teleportation {unknown}
 l - a scroll of immolation {unknown}
Potions
 d - a potion of might
 f - 3 potions of curing
 g - a potion of heal wounds {unknown}
 i - 2 potions of magic
 m - a potion of haste
 n - a potion of flight


   Skills:
 + Level 4.9 Fighting
 + Level 4.6 Long Blades
 + Level 4.8 Armour
 + Level 2.3 Dodging
 + Level 0.3 Stealth
 + Level 4.4 Shields


You had 5 spell levels left.
You didn't know any spells.
Your spell library contained the following spells:

 Spells                   Type           Power      Damage    Failure   Level
 Apportation              Tloc           0%         N/A       88%         1
 Freeze                   Ice            0%         1d3       88%         1
 Animate Skeleton         Necr           Unusable   N/A       N/A         1
 Summon Small Mammal      Summ           Unusable   N/A       N/A         1
 Call Canine Familiar     Summ           Unusable   N/A       N/A         3
 Summon Guardian Golem    Hex/Summ       Unusable   N/A       N/A         3

Dungeon Overview and Level Annotations

Branches:
Dungeon (5/15)
 Temple: D:4-7

Altars:
Hepliaklqana
Okawaru

Shops:
D:2 :   D:4 ::   D:5 [

Annotations:
D:3 3 runed translucent doors, solaroid's ghost, weakling MiFi


Innate Abilities, Weirdness & Mutations

You have a pair of horns on your head.
You reflexively headbutt those who attack you in melee.


Message History

You hit the orc wizard.
The orc wizard is almost dead.
You block the orc wizard's attack.
You hit the orc wizard but do no damage.
You headbutt the orc wizard.
You kill the orc wizard!
Okawaru accepts your kill.
The orc priest looks encouraged for a moment.
You have reached level 6!
You slash the orc warrior!
The orc warrior is moderately wounded.
You block the orc warrior's attack.
You closely miss the orc warrior.
The orc warrior is moderately wounded.
The orc warrior hits you with a +0 hand axe.
The orc warrior hits you with a +0 hand axe!
Unknown command.
You feel very mighty all of a sudden.
The orc warrior hits you with a +0 hand axe!
You closely miss the orc warrior.
The orc warrior is moderately wounded.
The orc warrior barely misses you. You furiously retaliate!
You headbutt the orc warrior. You closely miss the orc warrior.
The orc warrior is moderately wounded.
The orc priest invokes the aid of Beogh against you.
Beogh smites you!
The orc priest casts a cantrip, but nothing happens.
The orc warrior closely misses you.
You slash the orc warrior!
The orc warrior is severely wounded.
The orc priest mumbles some strange prayers to Beogh against you.
Beogh smites you!
* * * LOW HITPOINT WARNING * * *
The orc warrior closely misses you.
You barely miss the orc warrior. Your headbutt misses the orc warrior.
The orc warrior is severely wounded.
The orc priest mumbles some strange prayers to Beogh against you.
Beogh smites you!
You die...

##.............#
#.[............#
#..>...........###
#.................
#..............#
#..............#
##.......[.....##
##.....##..>...#
########@##.#.#
#o# #


oo# #o## .. ... ... .... You could see an orc warrior, 2 orc priests and an orc
wizard.

Vanquished Creatures
  An orc priest (D:4)
  2 iguanas (D:4)
  An orc wizard (D:5)
  A killer bee zombie (D:5)
  4 adders
  A white imp (D:5)
  A worm (D:2)
  4 dart slugs
  5 orcs
  7 bats
  7 endoplasms
  5 giant cockroaches
  9 goblins
  12 hobgoblins
  5 jackals
  11 kobolds
  A quokka (D:1)
  9 ball pythons
  A frilled lizard (D:2)
  8 rats
95 creatures vanquished.

Vanquished Creatures (others)
  7 plants (D:3)
7 creatures vanquished.

Grand Total: 102 creatures vanquished

Notes
Turn   | Place    | Note
-------+----------+-------------------------------------------
     0 | D:1      | Peloso the Minotaur Fighter began the quest for the Orb.
     0 | D:1      | Reached XP level 1. HP: 19/19 MP: 0/0
   119 | D:1      | Found a faded altar of an unknown god.
   127 | D:1      | Reached XP level 2. HP: 27/27 MP: 1/1
   130 | D:1      | Got Plato's Tome of the Snowflakes
   433 | D:1      | Reached XP level 3. HP: 33/33 MP: 2/2
  1129 | D:2      | Reached XP level 4. HP: 40/40 MP: 3/3
  1169 | D:2      | Found Xeogeir's Book Boutique.
  1456 | D:3      | Reached skill level 1 in Dodging
  1521 | D:3      | Found an iron altar of Okawaru.
  1538 | D:3      | Became a worshipper of Warmaster Okawaru
  1597 | D:3      | Found a hazy altar of Hepliaklqana.
  1688 | D:3      | Found a runed translucent gate.
  1688 | D:3      | Noticed a kobold brigand
  1689 | D:3      | Found a runed translucent gate.
  1690 | D:3      | Found a runed translucent gate.
  1690 | D:3      | Noticed solaroid's ghost (weakling MiFi)
  2031 | D:4      | Reached XP level 5. HP: 31/47 MP: 4/4
  2168 | D:4      | Found Yttemi Mios's Book Boutique.
  2268 | D:4      | Found Exokysk's Book Shop.
  2907 | D:5      | Entered Level 5 of the Dungeon
  2907 | D:5      | Found Ygujabab's Antique Armour Emporium.
  3107 | D:5      | Noticed an orc warrior
  3114 | D:5      | Reached XP level 6. HP: 54/55 MP: 5/5
  3120 | D:5      | Killed from afar by an orc priest

Illustrated notes

Levels and vault maps discovered:
D:1:      psy_arrival_fountain, layout_basic,
          shapermc_ecumenical_altar_rom_forum, hangedman_abyss_or_decor_stabs
D:2:      layout_basic, serial_shops, nicolae_shop_stone, minivault_24
D:3:      layout_rooms, okawaru_gym_becter, nicolae_hepliaklqana_hazy_memory,
          gammafunk_ghost_nasty_kobolds
D:4:      layout_gridville, serial_shops, shop, nicolae_square_shop
D:5:      layout_rooms, mainiacjoe_overflow_swirl, serial_shops, shop

Skill      XL: |  1  2  3  4  5 |
---------------+----------------+-----
Armour         | 4 |  4.8
Long Blades    | 3 4 |  4.6
Shields        | 4 |  4.4
Fighting       | 4 |  4.9
Dodging        | 1 2 |  2.3
Stealth        | |  0.3

Action                   |  1- 3 |  4- 6 || total
-------------------------+-------+-------++-------
Melee: Long sword        |   104 |   133 ||   237
       Headbutt          |    10 |    24 ||    34
  Use: Scroll            |       |     5 ||     5
       Potion            |       |     1 ||     1
Armor: Scale mail        |    70 |    52 ||   122
Dodge: Dodged            |    53 |    64 ||   117
Block: Buckler           |    25 |    42 ||    67
